 Dungeon Crawl Stone Soup version 0.28.0 (webtiles) character file.

Game seed: 9363125482412410800

11822 hikkokomori the Fighter (level 12, -1/102 HPs)
             Began as a Formicid Fighter on Feb 10, 2022.
             Was a High Priest of Okawaru.
             Slain by a vault guard (10 damage)
             ... on level 11 of the Dungeon.
             The game lasted 00:34:08 (11388 turns).

hikkokomori the Fighter (Formicid Fighter)         Turns: 11388, Time: 00:34:09

Health: -1/102     AC: 21    Str: 26    XL:     12   Next: 12%
Magic:  14/16      EV: 13    Int:  8    God:    Okawaru [*****.]
Gold:   697        SH:  5    Dex: 10    Spells: 11/11 levels left

rFire   . . .      SeeInvis +   O - +8 triple sword (flame)
rCold   . . .      Faith    .   c - +0 buckler
rNeg    . . .      Spirit   .   M - +0 plate armour
rPois   .          Reflect  .   (helmet unavailable)
rElec   .          Harm     .   i - +2 cloak
rCorr   .          Rampage  .   (no gloves)
Will    +....                   Q - +0 pair of boots
Stlth   ..........              C - amulet of regeneration
HPRegen 1.07/turn               h - +4 ring of evasion
MPRegen 0.15/turn               (no ring)

@: heroic
A: permanent stasis, dig shafts and tunnels, antennae 3, four strong arms
a: Dig, Shaft Self, Renounce Religion, Heroism, Finesse, Duel


You were on level 11 of the Dungeon.
You worshipped Okawaru.
Okawaru was extremely pleased with you.
You visited 3 branches of the dungeon, and saw 13 of its levels.
You also visited: Bailey.

You collected 697 gold pieces.

Inventory:

Hand Weapons
 y - the +1 spear of Perversion {flame, rN+ Dex+5}
   (You found it on level 5 of the Dungeon)

   It burns those it strikes, dealing additional fire damage.
   Dex:       It affects your dexterity (+5).
   rN:        It protects you from negative energy.
 B - a +0 hand crossbow
 K - a +0 glaive
 N - a +2 vorpal longbow
 O - a +8 triple sword of flaming (weapon)
Missiles
 a - 62 bolts
 p - 26 poisoned darts
 H - 3 throwing nets
Armour
 b - a +0 scale mail
 c - a +0 buckler (worn)
 d - a scarf of shadows
 i - a +2 cloak (worn)
 s - a +0 chain mail
 L - +0 acid dragon scales
 M - a +0 plate armour (worn)
 Q - a +0 pair of boots (worn)
Jewellery
 h - a +4 ring of evasion (left hand)
 m - a ring of fire
 t - an amulet of guardian spirit
 C - an amulet of regeneration (around neck)
 J - a +6 ring of strength
Wands
 k - a wand of paralysis (7)
 F - a wand of acid (2)
 I - a wand of iceblast (11)
 R - a wand of flame (8)
Scrolls
 g - a scroll of immolation
 j - a scroll of enchant armour
 l - a scroll of magic mapping
 n - a scroll of fog
 u - 4 scrolls of teleportation
 D - 3 scrolls of identify
 G - a scroll of silence
 P - a scroll of vulnerability {unknown}
Potions
 e - 2 potions of attraction
 f - 9 potions of curing
 o - a potion of cancellation {unknown}
 q - a potion of berserk rage
 r - a potion of degeneration
 w - a potion of haste
 x - a potion of flight {unknown}
 z - a potion of mutation
 A - a potion of invisibility
 E - a potion of resistance {unknown}


   Skills:
 - Level 12.2(17.2) Fighting
 + Level 3.8(8.8) Long Blades
 - Level 7.6(13.6) Polearms
 - Level 6.2(12.9) Staves
 - Level 6.2(11.2) Crossbows
 - Level 8.6(13.6) Armour
 - Level 3.6(8.6) Shields
 + Level 6.1 Invocations


You had 11 spell levels left.
You didn't know any spells.
Your spell library contained the following spells:

 Spells                   Type           Power      Damage    Failure   Level
 Shock                    Conj/Air       0%         1d3       98%         1
 Sting                    Tmut/Pois      0%         1d3       98%         1
 Poisonous Vapours        Pois/Air       0%         N/A       99%         2
 Static Discharge         Conj/Air       0%         N/A       99%         2
 Sublimation of Blood     Necr           0%         N/A       99%         2
 Wereblood                Tmut           0%         N/A       99%         2
 Frozen Ramparts          Ice            0%         1d2       100%        3
 Lesser Beckoning         Tloc           0%         N/A       100%        3
 Airstrike                Air            0%         N/A       100%        4
 Ice Form                 Ice/Tmut       0%         N/A       100%        4
 Olgreb's Toxic Radiance  Pois           0%         N/A       100%        4
 Lightning Bolt           Conj/Air       0%         1d11      100%        5
 Manifold Assault         Tloc           0%         N/A       100%        5
 Maxwell's Capacitive Co  Air            0%         ∞         100%        8
 Blink                    Tloc           Unusable   N/A       N/A         2
 Swiftness                Air            Unusable   N/A       N/A         3
 Summon Ice Beast         Ice/Summ       Unusable   N/A       N/A         4
 Summon Hydra             Summ           Unusable   N/A       N/A         7

Dungeon Overview and Level Annotations

Branches:
Dungeon (11/15)            Temple (1/1) D:6            Lair (0/6) D:9
    Orc (1/2) D:9          Bailey (visited)

Altars:
Ashenzari
Cheibriados
Dithmenos
Elyvilon
Fedhas
Gozag
Hepliaklqana
Kikubaaqudgha
Makhleb
Nemelex Xobeh
Okawaru
Qazlal
Ru
Sif Muna
Trog
Uskayaw
Vehumet
Wu Jian
Xom
Yredelemnul
Zin
The Shining One

Annotations:
D:5 3 runed translucent doors, crazypyro's ghost, novice MiFi


Innate Abilities, Weirdness & Mutations

You cannot be hasted, slowed, berserked, paralysed or teleported.
You can dig through walls and to a lower floor.
You have a pair of large antennae on your head. (SInv)
Your four strong arms can wield two-handed weapons with a shield.


Message History

You closely miss the vault guard.
The vault guard is moderately wounded.
The vault guard hits you with a +2 long sword of electrocution.
The vault guard hits you with a +2 long sword of electrocution!
You are electrocuted!
The vault guard blocks your attack.
The vault guard is lightly wounded.
The vault guard hits you with a +2 long sword of electrocution! x2
* * * LOW HITPOINT WARNING * * *
Unknown command.
You gain the combat prowess of a mighty hero.
The vault guard hits you with a +2 long sword of electrocution!
* * * LOW HITPOINT WARNING * * *
Unknown command.
You slash the vault guard! You burn the vault guard.
The vault guard is heavily wounded.
The vault guard hits you but does no damage.
The vault guard blocks your attack.
The vault guard is moderately wounded.
The vault guard hits you with a +2 long sword of electrocution!
* * * LOW HITPOINT WARNING * * *
Unknown command.
The vault guard blocks your attack.
The vault guard is moderately wounded.
You block the vault guard's attack. x2
Unknown command.
Okay, then.
Unknown command.
Press: ? - help, v - describe, . - travel
Here: a vault guard, wielding a +2 long sword of electrocution, wearing a +0 plate armour and wearing a +0 tower shield (moderately wounded)
The floor, spattered with blood.
Unknown command.
Okay, then.
As you read the scroll of fear, it crumbles to dust.
You assume a fearsome visage.
The vault guard resists with almost no effort.
The vault guard hits you with a +2 long sword of electrocution.
* * * LOW HITPOINT WARNING * * *
You are electrocuted!
You die...

## §§### ###
§§'.######.######
#..............
########..........>...
#....@p(..............
#.###########.....####
###.# #.....# #...#
#.....+ #...# #.....#
#...###########.....#
#..................^#
#...................#
#..#######..........#


You could see a vault guard.

Vanquished Creatures
  Harold (D:10)
  A two-headed ogre (D:9)
  2 ugly things
  A cyclops (D:8)
  An unseen horror (D:11)
  A hornet (D:9)
  Prince Ribbit (D:8)
  9 yaks
  Eustachio (D:6)
  A steam dragon (D:10)
  3 wargs (D:9)
  An acid dragon (D:9)
  A water moccasin (D:9)
  An ice beast (D:6)
  17 orc warriors
  3 sky beasts
  2 black bears
  A hornet zombie (D:7)
  4 necrophages
  2 ogres
  13 centaurs
  2 phantoms
  3 kobold brigands
  3 bullfrogs
  2 gnoll sergeants
  4 scorpions
  2 wyvern skeletons
  A water moccasin skeleton (D:4)
  6 killer bees (D:8)
  3 wights (D:8)
  A bullfrog zombie (D:7)
  6 howler monkeys
  2 centaur zombies
  3 hounds
  A jelly (D:7)
  A gnoll shaman (D:3)
  4 orc priests
  A centaur skeleton (D:5)
  Jessica (D:2)
  7 iguanas
  9 orc wizards
  A killer bee zombie (D:5)
  12 gnolls
  3 adders
  An ufetubus (D:7)
  An adder zombie (D:5)
  7 dart slugs
  41 orcs
  8 endoplasms
  2 giant cockroaches
  6 goblins
  5 hobgoblins
  2 jackals (D:2)
  3 quokkas
  8 ball pythons
  6 bats
  2 frilled lizards (D:1)
  24 kobolds
  2 rats
263 creatures vanquished.

Vanquished Creatures (others)
  Psyche (D:8)
  An orc wizard (D:7)
  3 fungi (D:9)
  2 plants (D:9)
7 creatures vanquished.

Grand Total: 270 creatures vanquished

Notes
Turn   | Place    | Note
-------+----------+-------------------------------------------
     0 | D:1      | hikkokomori the Formicid Fighter began the quest for the
                  | Orb.
     0 | D:1      | Reached XP level 1. HP: 18/18 MP: 1/1
   129 | D:1      | Reached XP level 2. HP: 21/24 MP: 2/2
   603 | D:1      | Reached XP level 3. HP: 30/30 MP: 3/3
   750 | D:1      | Found a faded altar of an unknown god.
   800 | D:1      | Reached skill level 4 in Fighting
  1010 | D:2      | Reached XP level 4. HP: 19/38 MP: 4/4
  1580 | D:2      | Noticed Jessica
  1586 | D:2      | Killed Jessica
  1587 | D:2      | Reached XP level 5. HP: 43/43 MP: 5/5
  2266 | D:3      | Reached skill level 5 in Fighting
  2286 | D:3      | Reached XP level 6. HP: 15/51 MP: 1/6
  2558 | D:3      | Noticed a black bear
  2569 | D:3      | Killed a black bear
  3289 | D:4      | Noticed an ogre
  3299 | D:4      | Killed an ogre
  3300 | D:4      | Reached skill level 6 in Fighting
  3300 | D:4      | Reached skill level 5 in Staves
  3300 | D:4      | Reached XP level 7. HP: 58/58 MP: 7/7
  4023 | D:5      | Entered Level 5 of the Dungeon
  4253 | D:5      | Reached skill level 7 in Fighting
  4374 | D:5      | Reached XP level 8. HP: 53/67 MP: 8/8
  4508 | D:5      | Found a runed translucent gate.
  4508 | D:5      | Found a runed translucent gate.
  4508 | D:5      | Found a runed translucent gate.
  4509 | D:5      | Noticed crazypyro's ghost (novice MiFi)
  4626 | D:5      | Identified the +1 spear of Perversion {flame, rN+ Dex+5}
  4822 | D:5      | Reached skill level 1 in Polearms
  5333 | D:6      | Noticed Eustachio
  5373 | D:6      | Killed Eustachio
  5374 | D:6      | Reached skill level 8 in Fighting
  5540 | D:6      | Reached XP level 9. HP: 69/75 MP: 9/9
  5556 | D:6      | Reached skill level 9 in Fighting
  5721 | D:6      | Reached skill level 5 in Polearms
  5862 | D:6      | Found a staircase to the Ecumenical Temple.
  5871 | Temple   | Entered the Ecumenical Temple
  6018 | Temple   | Became a worshipper of Warmaster Okawaru
  6379 | D:7      | Found a shadowy altar of Dithmenos.
  6390 | D:7      | Reached skill level 1 in Crossbows
  6769 | D:7      | Reached * piety under Okawaru
  7167 | D:8      | Reached skill level 10 in Fighting
  7186 | D:8      | Reached XP level 10. HP: 52/85 MP: 10/10
  7199 | D:8      | Noticed a cyclops
  7221 | D:8      | Killed a cyclops
  7221 | D:8      | Reached ** piety under Okawaru
  7222 | D:8      | Reached skill level 5 in Armour
  7490 | D:8      | Noticed Psyche
  7499 | D:8      | Noticed Prince Ribbit
  7502 | D:8      | Killed Psyche
  7525 | D:8      | Killed Prince Ribbit
  8032 | D:9      | Noticed a brown ugly thing
  8076 | D:9      | Killed a brown ugly thing
  8076 | D:9      | Reached *** piety under Okawaru
  8205 | D:9      | Reached skill level 11 in Fighting
  8205 | D:9      | Reached skill level 5 in Crossbows
  8248 | D:9      | Reached XP level 11. HP: 67/93 MP: 11/11
  8335 | D:9      | Found a flagged portal.
  8369 | D:9      | Reached skill level 1 in Invocations
  8386 | Bailey   | Entered a bailey
  8585 | Bailey   | Reached **** piety under Okawaru
  9546 | D:9      | Received a gift from Okawaru
  9868 | D:9      | Noticed a two-headed ogre
  9882 | D:9      | Killed a two-headed ogre
  9883 | D:9      | Reached skill level 1 in Long Blades
 10007 | D:9      | Found a staircase to the Orcish Mines.
 10061 | D:9      | Reached ***** piety under Okawaru
 10225 | D:9      | Found a staircase to the Lair.
 10508 | Orc:1    | Entered Level 1 of the Orcish Mines
 10508 | Orc:1    | Noticed an orc knight
 10573 | D:10     | Entered Level 10 of the Dungeon
 10588 | D:10     | Noticed Harold
 10616 | D:10     | Killed Harold
 10617 | D:10     | Reached skill level 12 in Fighting
 10620 | D:10     | Reached skill level 5 in Invocations
 10634 | D:9      | Received a gift from Okawaru
 10713 | D:10     | Reached XP level 12. HP: 71/102 MP: 14/16
 11374 | D:11     | Noticed a vault guard
 11388 | D:11     | Slain by a vault guard

Illustrated notes

Levels and vault maps discovered:
D:1:      minmay_arrival_four_circles, layout_basic, serial_aquarium,
          aquarium_bridge_long_separate [aquarium_subvault_bridge,
          aquarium_subvault_wall, aquarium_subvault_balcony,
          aquarium_subvault_wall, aquarium_subvault_bridge,
          aquarium_subvault_bridge], aquarium_window_fake, aquarium_window_fake,
          aquarium_window_fake, aquarium_window_fake, aquarium_view_2c,
          aquarium_view_2b, aquarium_pool_1, hellmonk_ecumenical_altar_run_dry,
          minmay_door_square
D:2:      layout_loops_corners, uniq_jessica
D:3:      layout_basic
D:4:      layout_cave_pods
D:5:      layout_gridville, gammafunk_ghost_nasty_kobolds
D:6:      layout_cave_pools, temple_hall, minmay_misc_feat_ornament,
          uniq_eustachio
D:7:      layout_loops_corners, grunt_dithmenos_smoke, st_stairs_2,
          kennysheep_generic_room_5
D:8:      layout_cave_pools, corexii_checkpoint_a, minmay_circle_x, uniq_psyche,
          uniq_prince_ribbit1
D:9:      layout_long_grid, grunt_lair_entry_orc_guard_hut, david_orc_1_choice,
          enter_bailey_5
D:10:     layout_cross, uniq_harold
D:11:     layout_irregular_city, enter_trove_5
Temple:   kilobyte_greek_temple
Orc:1:    layout_caves, ebering_ghost_disaster_area, mumra_transporter_accident,
          uniq_fannar, uniq_gastronok

Skill      XL: |  1  2  3  4  5  6  7  8  9 10 11 12 |
---------------+-------------------------------------+-----
Fighting       | 4 5 6 7 8 10 11 12 | 12.2
Staves         | 3 4 5 6 |  6.2
Polearms       | 4 6 7 |  7.6
Crossbows      | 2 5 6 |  6.2
Armour         | 4 6 8 |  8.6
Invocations    | 5 6 |  6.1
Long Blades    | 3 |  3.8
Shields        | |  3.6

Action                   |  1- 3 |  4- 6 |  7- 9 | 10-12 || total
-------------------------+-------+-------+-------+-------++-------
Melee: Quarterstaff      |    62 |   114 |   111 |       ||   287
       Spear             |       |       |   300 |   820 ||  1120
       Triple sword      |       |       |       |    74 ||    74
Throw: Dart              |       |     4 |       |    33 ||    37
Invok: Heroism           |       |       |       |     7 ||     7
       Finesse           |       |       |       |     1 ||     1
 Abil: Dig               |       |     2 |     2 |     6 ||    10
Evoke: Wand              |       |       |       |     1 ||     1
  Use: Scroll            |       |       |     8 |    16 ||    24
       Potion            |       |       |     1 |     1 ||     2
Armor: Scale mail        |    21 |    30 |       |       ||    51
       Chain mail        |       |       |   136 |   106 ||   242
       Plate armour      |       |       |       |   142 ||   142
Dodge: Dodged            |    26 |    74 |   182 |   337 ||   619
Block: Buckler           |     8 |    26 |    58 |   142 ||   234
